 Dungeon Crawl Stone Soup version 0.21-a0-591-g2314aa1 (webtiles) character file.

11 Amnesiac the Vexing (level 2, -1/28 HPs)
             Began as an Ogre Arcane Marksman on Dec 22, 2017.
             Slain by an orc
             ... wielding a +3 mace
              (7 damage)
             ... on level 1 of the Dungeon.
             The game lasted 00:01:39 (495 turns).

Amnesiac the Vexing (Ogre Arcane Marksman)           Turns: 495, Time: 00:01:39

Health: -1/28      AC:  3    Str: 13    XL:     2   Next: 29%
Magic:  4/4        EV: 10    Int: 14    God:
Gold:   21         SH:  0    Dex:  9    Spells: 1/4 levels left

rFire    . . .     SeeInvis .   h - +0 short sword
rCold    . . .     Gourm    .   (no shield)
rNeg     . . .     Faith    .   a - +0 robe
rPois    .         Spirit   .   (helmet restricted)
rElec    .         Reflect  .   (no cloak)
rCorr    .         Harm     .   (gloves unavailable)
MR       .....                  (boots unavailable)
Stlth    +.........             (no amulet)
HPRegen  0.09/turn              (no ring)
MPRegen  0.09/turn              (no ring)

@: no status effects
A: large, unfitting armour, tough skin 1
a: no special abilities


You were on level 1 of the Dungeon.
You were not hungry.

You visited 1 branch of the dungeon, and saw 3 of its levels.

You collected 21 gold pieces.

Inventory:

Hand Weapons
 h - a +0 short sword (weapon)
Missiles
 c - 4 large rocks
 d - 2 throwing nets
 g - 15 stones (quivered)
Armour
 a - a +0 robe (worn)
Jewellery
 l - a +2 ring of protection {unknown}
Scrolls
 e - a scroll of fear {!r, unknown}
 k - 2 scrolls of identify {!r, unknown}
Potions
 j - a potion of degeneration {!q, unknown}
Books
 b - a book of Debilitation

   Spells                             Type                      Level
   a - Corona                         Hexes                        1
   b - Slow                           Hexes                        2
   c - Inner Flame                    Hexes/Fire                   3
   d - Portal Projectile              Hexes/Translocation          3
   e - Cause Fear                     Hexes                        4
   f - Leda's Liquefaction            Hexes/Earth                  4
Comestibles
 f - 2 rations
 i - 3 chunks of flesh


   Skills:
 + Level 1.8 Fighting
 * Level 2.3 Throwing
 - Level 1.7 Dodging
 + Level 1.5 Spellcasting
 + Level 2.8 Hexes


You had one spell level left.
You knew the following spells:

 Your Spells              Type           Power        Failure   Level  Hunger
a - Corona                Hex            #......      8%          1    ##.....
e - Slow                  Hex            #.......     12%         2    ###....


Dungeon Overview and Level Annotations

Branches:
Dungeon (3/15)

Altars:


Innate Abilities, Weirdness & Mutations

You are too large for most types of armour.
You have tough skin. (AC +1)


Message History

Aim: a bat (softly glowing)
You throw a stone. The stone hits the bat.
The bat is moderately wounded.
The bat hits you but does no damage.
Throwing (i - inventory. (,) - cycle):
g - 10 stones (quivered)
Press: ? - help, Shift-Dir - straight line, f/p - bat
Aim: a bat (softly glowing)
You throw a stone. The stone hits the bat.
The bat is moderately wounded.
The bat hits you but does no damage.
You hit the bat.
You kill the bat!
No target in view!
No target in view!
No target in view!
You butcher the bat corpse.
i - 3 chunks of flesh (gained 1)
You see here a bat skeleton. x2
g - 10 stones (gained 1)
g - 11 stones (gained 1) Magic restored.
g - 12 stones (gained 1)
j - a lumpy orange potion {!q}
g - 13 stones (gained 1)
g - 14 stones (gained 1) HP restored.
g - 15 stones (gained 1)
k - 2 scrolls labeled ACWOM KULAXA {!r} You see here a club.
You now have 21 gold pieces (gained 7).
Found a stone staircase leading down.
l - an onyx ring
There is a stone staircase leading down here.
You climb downwards.
Found a stone staircase leading down.
There is a stone staircase leading up here.
Okay, then.
There is a stone staircase leading down here.
You climb downwards. 4 orcs come into view.
The orc shouts! x4; You hear a shout!
Found a scroll labeled VOHEUN VOMOA.
There is a stone staircase leading up here.
The orc hits you with a mace.
The orc hits you with an enchanted mace!
* * * LOW HITPOINT WARNING * * *
You climb upwards.
There is a stone staircase leading down here.
The orc throws a tomahawk.
The tomahawk closely misses you.
The orc throws a tomahawk.
The tomahawk hits you.
* * * LOW HITPOINT WARNING * * *
You see here a tomahawk.
A dart slug comes into view.
The dart slug launches a dart at you. The slug dart hits you!
* * * LOW HITPOINT WARNING * * *
A rat comes into view.
There is a stone staircase leading up here.
The orc closely misses you.
You climb upwards.
There is a stone staircase leading down here.
The orc barely misses you.
The orc hits you with an enchanted mace!
You die...

#### ...# ######
...#######....#####
...+...........>..#
...# ####...#.#o#.#
...# #...#...@.#
...# #.#####.###
...######.# #.#
...##...#.# #.#
...+...##.# #.#
...##.....# #.#
...##..#### #.#
.........# #.#
###......# #.#


You could see an orc.

Vanquished Creatures
  A giant cockroach (D:1)
  A goblin (D:1)
  A hobgoblin (D:1)
  3 jackals (D:1)
  A ball python (D:1)
  2 bats (D:1)
  A kobold (D:1)
10 creatures vanquished.

Notes
Turn   | Place    | Note
-------+----------+-------------------------------------------
     0 | D:1      | Amnesiac the Ogre Arcane Marksman began the quest for the Orb.
     0 | D:1      | Reached XP level 1. HP: 19/19 MP: 2/2
   208 | D:1      | Reached XP level 2. HP: 13/28 MP: 2/4
   218 | D:1      | Learned a level 2 spell: Slow
   495 | D:1      | Slain by an orc

Vault maps used:
D:1:      evilmike_arrival_rings
D:2:      lemuel_doored_altar, nicolae_overflow_hidden_temple
D:3:      zin_scriptorium, okawaru_trees_2, first_ration

Action                   || total
-------------------------++-------
Melee: Short sword       ||    37
       Unarmed           ||     2
Throw: Stone             ||    21
 Cast: Corona            ||     6
Armor: Robe              ||    12
Dodge: Dodged            ||    24

Table legend:
 A = Spawn XP
 B = Non-spawn XP
 C = Spawn XP percentage of total XP
 D = Spawn monster count
 E = Non-spawn monster count
 F = Spawn count percentage of total count
 G = Total turns spent on level
                    A         B        C        D         E        F      G
               +---------+---------+-------+---------+---------+-------+---------
         Total |       0 |      17 |   0.0 |       0 |      10 |   0.0 |   495
               +---------+---------+-------+---------+---------+-------+---------
           D:1 |       0 |      17 |   0.0 |       0 |      10 |   0.0 |   467
               +---------+---------+-------+---------+---------+-------+---------
